Map: Beckett Industries LE

Players

Epic

  • Race: Terran Terran
  • League: Grandmaster

Neeb - Winner!

  • Race: Protoss Protoss

Event: DreamHack SC2 Masters 2021 Summer

VOD

Have the link to the VOD?

Description

Time

  • Played on: May 28, 2021, 4:49 p.m.
  • Length: 5:55

All games in this series

Show
View Real Time Build Order
Export as new Build Order

Epic Terran 

Build Orders:  

Get SALT Encoding   

  12  0:00  SCV  
  13  0:12  SCV  
  14  0:17  Supply Depot  
  14  0:24  SCV  
  15  0:38  SCV  
  15  0:39  Barracks  
  16  0:44  Refinery  
  16  0:50  SCV  
  16  0:56  Supply Depot  
  17  1:03  SCV  
  18  1:13  Engineering Bay  
  18  1:19  SCV  
  18  1:25  Marine  
  20  1:33  Orbital Command  
  20  1:40  Refinery  
  20  1:45  Factory  
  20  1:47  Marine  
  21  1:59  SCV  
  22  2:05  Marine  
  23  2:11  SCV  
  24  2:23  SCV  
  24  2:25  Marine  
  24  2:28  Armory  
  26  2:33  Starport  
  26  2:35  SCV  
  27  2:38  Factory Tech Lab  
  27  2:39  Supply Depot  
  27  2:43  Marine  
  28  2:47  SCV  
  29  2:57  Widow Mine  
  31  3:00  SCV  
  32  3:09  Medivac  
  34  3:14  Drilling Claws  
  34  3:18  Widow Mine  
  36  3:21  Supply Depot  
  36  3:29  SCV  
  35  3:43  Command Center  
  35  3:45  Widow Mine  
  35  3:47  Medivac  
  39  3:50  SCV  
  39  3:54  Barracks Reactor  
  40  4:01  Barracks  
  40  4:03  SCV  
  40  4:08  Widow Mine  
  43  4:15  SCV  
  40  4:27  SCV  
  40  4:32  Marine x2  
  40  4:37  Engineering Bay  
  44  4:39  Medivac  
  44  4:40  SCV  
  41  4:50  Widow Mine, Marine  
  41  4:52  SCV, Marine  
  44  5:08  Bunker  
  44  5:09  Orbital Command  
  44  5:11  Factory Tech Lab  
  45  5:14  SCV, Marine  
  46  5:23  Marine  
  46  5:28  Marauder  
  44  5:37  SCV  
Show
View Real Time Build Order
Export as new Build Order

Neeb Protoss - Winner!

Build Orders:  

Get SALT Encoding   

  12  0:00  Probe  
  13  0:12  Probe  
  14  0:17  Pylon  
  14  0:24  Probe (Chrono Boost)  
  15  0:36  Probe (Chrono Boost)  
  15  0:37  Gateway  
  16  0:44  Probe (Chrono Boost)  
  16  0:46  Assimilator  
  17  0:51  Probe  
  18  1:03  Probe  
  19  1:15  Probe  
  20  1:26  Cybernetics Core  
  20  1:28  Pylon  
  20  1:46  Nexus  
  20  1:52  Probe  
  21  1:59  Adept (Chrono Boost)  
  21  2:04  Warp Gate  
  21  2:05  Probe  
  24  2:10  Shield Battery  
  24  2:17  Probe  
  24  2:18  Assimilator  
  24  2:21  Adept (Chrono Boost)  
  27  2:30  Probe  
  28  2:42  Probe  
  29  2:45  Adept  
  32  3:00  Gateway  
  32  3:01  Gateway  
  32  3:07  Robotics Facility  
  32  3:08  Probe  
  32  3:15  Stalker  
  32  3:18  Probe  
  35  3:21  Probe  
  36  3:32  Probe  
  36  3:34  Pylon  
  35  3:36  Probe  
  36  3:45  Pylon  
  36  3:54  Observer (Chrono Boost), Stalker  
  36  3:55  Stalker  
  41  3:56  Stalker  
  41  4:00  Probe  
  45  4:02  Probe  
  45  4:16  Pylon  
  45  4:18  Immortal (Chrono Boost)  
  49  4:24  Probe  
  49  4:25  Probe  
  47  4:36  Probe  
  49  4:39  Stalker  
  49  4:42  Probe  
  51  4:48  Probe  
  52  4:55  Probe  
  52  4:56  Adept x2  
  52  4:59  Observer  
  58  5:00  Probe  
  58  5:07  Probe  
  58  5:09  Stalker  
  58  5:12  Probe  
  60  5:17  Pylon  
  60  5:19  Probe  
  61  5:25  Probe  
  60  5:29  Stalker  
  60  5:31  Probe  
  63  5:37  Stalker  
  63  5:40  Probe  
Tags
 
Add a new tag
Caveats
  • Supply blocks, unpowered buildings, or Contaminate may cause inaccurate times.
  • Supply counts are checked every 10 seconds.